 Seeded DCSS version 0.30.1-9-gdf580d7c3d (webtiles) character file.

Game seed: 12227517427145989815 (custom seed)

5862 Psyclone the Thaumaturge (level 10, -12/59 HPs)
             Began as a Deep Elf Conjurer on Sept 26, 2023.
             Was an Initiate of Ashenzari.
             Mangled by a two-headed ogre
             ... wielding a +0 giant spiked club
              (18 damage)
             ... on level 8 of the Dungeon.
             The game lasted 00:59:00 (8774 turns).

Psyclone the Thaumaturge (Deep Elf Conjurer)        Turns: 8774, Time: 00:59:00

Health: -12/59     AC:  5    Str:  4    XL:     10   Next: 52%
Magic:  31/37      EV: 29    Int: 28    God:    Ashenzari [......]
Gold:   255        SH:  0    Dex: 13    Spells: 15/33 levels left

rFire   . . .        p - +0 dagger
rCold   . . .        (no shield)
rNeg    . . .        a - +1 robe of Vines {NoPotionHeal Regen++++, Fort, Alch} (curse)
rPois   .            w - +0 helmet
rElec   .            (no cloak)
rCorr   .            (no gloves)
SInv    .            L - +0 pair of boots
Will    +....        I - amulet of the acrobat
Stlth   ++           g - ring of wizardry
HPRegen 3.49/turn    i - ring of magical power
MPRegen 0.25/turn

%: acrobat, wizardry (x1)
@: acrobatic
A: no striking features
a: Renounce Religion, Curse Item, Shatter the Chains


You were on level 8 of the Dungeon.
You worshipped Ashenzari.
Ashenzari was noncommittal.
You visited 2 branches of the dungeon, and saw 9 of its levels.
You also visited: Sewer and Bailey.

You collected 255 gold pieces.

Inventory:

Hand Weapons
 p - a +0 dagger (weapon)
Armour
 a - the cursed +1 robe of Vines (worn) {NoPotionHeal Regen++++, Fort, Alch}
   (You found it in a bailey)

   NoPotionHeal: Its wearer cannot be healed by potions.
   Regen:     It increases your rate of health regeneration.
   It has a curse which improves the following skills: Fortitude: Armour and
   Shields.
   Alchemy:   Poison Magic and Transmutations.
 w - a +0 helmet (worn)
 K - the +18 shield of the Gong {Loud rN+ Will+ rCorr EV-5}
   (You found it in a bailey)

   Loud:      It is deafeningly noisy when blocking attacks.
   EV:        It affects your evasion (-5).
   rN:        It protects you from negative energy.
   rCorr:     It protects you from acid and corrosion.
   Will:      It increases your willpower.
 L - a +0 pair of boots (worn)
Jewellery
 g - a ring of wizardry (left hand)
 i - a ring of magical power (right hand)
 r - a ring of positive energy
 D - a ring of magical power
 F - a +5 ring of evasion
 I - an amulet of the acrobat (around neck)
Wands
 x - a wand of digging (1)
 J - a wand of charming (12)
 N - a wand of polymorph (9)
 P - a wand of roots (6)
Scrolls
 d - 3 scrolls of immolation {unknown}
 f - a scroll of vulnerability {unknown}
 h - 4 scrolls of fear {unknown}
 j - 6 scrolls of identify {unknown}
 k - 2 scrolls of blinking {unknown}
 m - a scroll of amnesia {unknown}
 o - 3 scrolls of teleportation {unknown}
 q - a scroll of enchant weapon {unknown}
 s - 2 scrolls of magic mapping {unknown}
 t - 2 scrolls of poison {unknown}
 y - a scroll of brand weapon {unknown}
 C - 2 scrolls of fog {unknown}
 M - a scroll of enchant armour {unknown}
 O - a scroll of summoning {unknown}
Potions
 b - 2 potions of magic
 c - 4 potions of heal wounds {unknown}
 e - 2 potions of degeneration {unknown}
 l - 6 potions of flight {unknown}
 n - 5 potions of might {unknown}
 u - 7 potions of cancellation {unknown}
 v - 5 potions of curing {unknown}
 z - 2 potions of mutation {unknown}
 A - 2 potions of invisibility {unknown}
 B - a potion of resistance {unknown}
 E - a potion of attraction {unknown}
 G - a potion of berserk rage {unknown}
 H - a potion of brilliance {unknown}


   Skills:
 + Level 5.1 Fighting
 + Level 5.8 Dodging
 - Level 2.4 Stealth
 - Level 12.0 Spellcasting
 - Level 10.7 Conjurations
 + Level 5.5 Hexes
 + Level 0.0 Fire Magic
 + Level 4.7 Ice Magic
 + Level 4.1 Air Magic
 + Level 4.5(4.9) Poison Magic


You had 15 spell levels left.
You knew the following spells:

 Your Spells              Type           Power      Damage    Failure   Level
a - Magic Dart            Conj           100%       1d8       1%          1
b - Searing Ray           Conj           100%       2d8       1%          2
c - Ozocubu's Armour      Ice            43%        N/A       1%          3
d - Fulminant Prism       Conj/Hex       29%        3d14      1%          4
e - Inner Flame           Hex/Fire       32%        N/A       1%          3
r - Swiftness             Air            40%        N/A       1%          3
v - Poisonous Vapours     Pois/Air       84%        N/A       1%          2

Your spell library contained the following spells:

 Spells                   Type           Power      Damage    Failure   Level
 Beastly Appendage        Tmut           32%        N/A       1%          1
 Slow                     Hex            100%       N/A       1%          1
 Summon Small Mammal      Summ           64%        N/A       1%          1
 Ensorcelled Hibernation  Hex/Ice        90%        N/A       1%          2
 Passwall                 Tmut/Erth      13%        N/A       1%          2
 Scorch                   Fire           32%        2d6       1%          2
 Wereblood                Tmut           16%        N/A       1%          2
 Confusing Touch          Hex            47%        N/A       1%          3
 Dazzling Flash           Conj/Hex       100%       N/A       1%          3
 Mephitic Cloud           Conj/Pois/Air  52%        N/A       1%          3
 Spider Form              Tmut/Pois      30%        N/A       1%          3
 Summon Guardian Golem    Hex/Summ       32%        N/A       1%          3
 Vhi's Electric Charge    Tloc/Air       56%        N/A       1%          3
 Flame Wave               Conj/Fire      46%        2d12      1%          4
 Iskenderun's Mystic Bla  Conj/Tloc      46%        2d10      1%          4
 Airstrike                Air            20%        2d(3-19)  2%          4
 Freezing Cloud           Conj/Ice/Air   26%        6-21      2%          5
 Call Canine Familiar     Summ           16%        N/A       4%          3
 Vampiric Draining        Necr           16%        2d7       4%          3
 Summon Ice Beast         Ice/Summ       29%        N/A       4%          4
 Metabolic Englaciation   Hex/Ice        22%        N/A       4%          5
 Yara's Violent Unravell  Hex/Tmut       16%        3d8       12%         5
 Animate Dead             Necr           16%        N/A       13%         4
 Borgnjor's Vile Clutch   Necr/Erth      8%         N/A       32%         5
 Simulacrum               Ice/Necr       14%        N/A       56%         6
 Enfeeble                 Hex            23%        N/A       71%         7
 Death Channel            Necr           8%         N/A       86%         6
 Summon Cactus Giant      Summ           8%         N/A       86%         6
 Maxwell's Capacitive Co  Air            20%        ∞         100%        8
 Chain Lightning          Conj/Air       27%        3d36      100%        9


Dungeon Overview and Level Annotations

Branches:
Dungeon (8/15) Zot: 26754  Temple (1/1) D:6 Zot: 5663   Sewer (visited)
 Bailey (visited)
   Lair: D:8-11

Altars:
Ashenzari
Cheibriados
Dithmenos
Elyvilon
Fedhas
Gozag
Hepliaklqana
Kikubaaqudgha
Makhleb
Nemelex Xobeh
Okawaru
Qazlal
Ru
Sif Muna
Trog
Uskayaw
Vehumet
Wu Jian
Xom
Yredelemnul
Zin
The Shining One

Shops:
D:1 [

Annotations:
D:2 1 runed translucent door, Crazy Yiuf


Message History

The two-headed ogre hits you with a +0 giant spiked club!
The two-headed ogre completely misses you.
You take 8 damage, and have 51/59 hp.
Found a stone staircase leading up.
You regained 4 hp, and now have 55/59 hp.
Casting: Poisonous Vapours (safe; 1% risk of failure)
Confirm with . or Enter, or press ? or * to list all spells.
Aiming: Poisonous Vapours (safe; 1% risk of failure)
Press: ? - help, Dir - move target, f/p - two-headed ogre
Aim: a two-headed ogre, wielding a +0 giant spiked club and a +0 giant club (moderately wounded, very poisoned) Poisonous vapours surround the two-headed ogre!
The two-headed ogre looks as sick as possible!
You regained 3 hp, and now have 58/59 hp.
You now have 33/37 mp.
Health restored: 59
Found a scroll labelled PAIFEU DIQUDO.
The two-headed ogre attacks as you move away!
The two-headed ogre completely misses you.
The two-headed ogre closely misses you.
Found a scroll labelled PAIFEU DIQUDO.
Casting: Poisonous Vapours (safe; 1% risk of failure)
Confirm with . or Enter, or press ? or * to list all spells.
Aiming: Searing Ray (safe; 1% risk of failure)
Press: ? - help, Shift-Dir - straight line, f/p - two-headed ogre
Aim: a two-headed ogre, wielding a +0 giant spiked club and a +0 giant club (severely wounded, very poisoned, 92% to hit)
The searing ray hits the two-headed ogre!
The two-headed ogre is almost dead. (Press . to maintain the ray.)
The two-headed ogre hits you with a +0 giant spiked club!
The two-headed ogre hits you with a +0 giant club!!
You take 36 damage, and have 23/59 hp.
MASSIVE DAMAGE!!
You now have 33/37 mp.
The searing ray hits the two-headed ogre but does no damage.
The two-headed ogre is almost dead.
You regained 4 hp, and now have 27/59 hp.
You now have 32/37 mp.
The searing ray hits the two-headed ogre!
The two-headed ogre is almost dead.
The two-headed ogre hits you with a +0 giant spiked club!!
* * * LOW HITPOINT WARNING * * *
The two-headed ogre hits you with a +0 giant club!!
You die...

....#####.## .....##..##
#.# ##.......# #?##
##......## #..#
##......## #..#
....##...### #..##
..#####....###...#####..
.## ##....#........?..
.## #.......O@.......
..# ##....#####.....#
..## #....## ..... ...#
#....# .... ...## #....#
.## ....###...<## #
...........# ...........
>...###


You could see a two-headed ogre (very poisoned).

Vanquished Creatures
  A gargoyle (Bailey)
  Prince Ribbit (D:7)
  Sigmund (D:4)
  A vampire (Bailey)
  12 yaks
  Duvessa (D:7)
  An orc warrior (D:7)
  3 black bears (D:6)
  3 ogres
  2 kobold brigands (D:7)
  Blork the orc (D:4)
  A bullfrog (D:7)
  4 scorpions
  9 wights (D:7)
  Dowan (D:7)
  5 killer bees (D:7)
  6 vampire bats (Bailey)
  3 wolf zombies (Bailey)
  4 hounds
  A gnoll bouda (D:5)
  3 jellies
  2 sleepcaps (D:6)
  3 iguanas
  Ijyb (D:3)
  Robin (D:3)
  5 gnolls (D:5)
  9 adders
  2 river rats
  3 white imps
  An ufetubus (D:5)
  7 worms
  A dart slug (D:4)
  14 orcs
  4 bats
  8 endoplasms
  8 giant cockroaches
  15 goblins
  11 hobgoblins
  6 jackals (D:3)
  10 quokkas
  9 ball pythons
  6 frilled lizards
  11 kobolds
  19 orc zombies (Bailey)
  7 rats
227 creatures vanquished.

Vanquished Creatures (others)
  17 fulminant prisms
17 creatures vanquished.

Grand Total: 244 creatures vanquished

Notes
Turn   | Place    | Note
-------+----------+-------------------------------------------
     0 | D:1      | Psyclone the Deep Elf Conjurer began the quest for the Orb.
     0 | D:1      | Reached XP level 1. HP: 10/10 MP: 6/6
   293 | D:1      | Reached XP level 2. HP: 15/15 MP: 5/8
   631 | D:1      | Found Guip's Antique Armour Shoppe.
   790 | D:2      | Reached skill level 4 in Spellcasting
   790 | D:2      | Reached skill level 5 in Conjurations
   790 | D:2      | Reached XP level 3. HP: 19/19 MP: 6/10
   793 | D:2      | Learned a level 2 spell: Searing Ray
  1077 | D:2      | Found a faded altar of an unknown god.
  1349 | D:2      | Noticed Terence
  1975 | D:2      | Found a runed translucent door.
  1976 | D:2      | Noticed Crazy Yiuf
  2044 | D:2      | Got Misiahoy's Handbook of Outbursts and Electrocution
  2191 | D:2      | Reached XP level 4. HP: 23/24 MP: 12/12
  2334 | D:3      | Reached skill level 5 in Spellcasting
  2367 | D:3      | Found a glowing drain.
  2448 | D:3      | Noticed Robin
  2483 | D:3      | Killed Robin
  2526 | Sewer    | Entered a sewer
  2647 | Sewer    | Reached XP level 5. HP: 28/28 MP: 14/14
  2855 | Sewer    | Reached skill level 6 in Spellcasting
  2906 | Sewer    | Found a viscous altar of Jiyva.
  3041 | D:3      | Found an iron altar of Okawaru.
  3051 | D:3      | Learned a level 2 spell: Poisonous Vapours
  3055 | D:3      | Learned a level 3 spell: Ozocubu's Armour
  3059 | D:3      | Learned a level 3 spell: Swiftness
  3064 | D:3      | Learned a level 4 spell: Fulminant Prism
  3243 | D:3      | Noticed Ijyb
  3246 | D:3      | Reached skill level 5 in Fighting
  3246 | D:3      | Reached skill level 5 in Dodging
  3246 | D:3      | Reached skill level 5 in Hexes
  3246 | D:3      | Reached XP level 6. HP: 40/40 MP: 17/17
  3259 | D:3      | Killed Ijyb
  3358 | D:3      | Identified a scroll of acquirement
  3358 | D:3      | Acquired the Lectures on Overcast Chilblains
  3509 | D:4      | Noticed Sigmund
  3517 | D:4      | Killed Sigmund
  3518 | D:4      | Reached XP level 7. HP: 41/44 MP: 19/19
  3669 | D:4      | Noticed Blork the orc
  3677 | D:4      | Killed Blork the orc
  4161 | D:5      | Entered Level 5 of the Dungeon
  4239 | D:5      | Reached skill level 7 in Spellcasting
  4601 | D:5      | Reached XP level 8. HP: 49/49 MP: 21/21
  4787 | D:5      | Found a sacrificial altar of Ru.
  5381 | D:6      | Reached skill level 8 in Spellcasting
  5405 | D:6      | Found a staircase to the Ecumenical Temple.
  5426 | Temple   | Entered the Ecumenical Temple
  5484 | Temple   | Became a worshipper of Ashenzari the Shackled
  6258 | D:6      | Found a bloodstained altar of Trog.
  6359 | D:7      | Reached XP level 9. HP: 54/54 MP: 23/23
  6401 | D:7      | Reached skill level 9 in Spellcasting
  6410 | D:7      | HP: 1/54 [yak (12)]
  6558 | D:7      | Found a flagged portal.
  6642 | Bailey   | Entered a bailey
  6805 | Bailey   | Reached skill level 10 in Spellcasting
  7186 | Bailey   | Found the +1 robe of Vines {NoPotionHeal Regen++++}
  7223 | Bailey   | Noticed a gargoyle
  7255 | Bailey   | Killed a gargoyle
  7421 | Bailey   | Found the +18 shield of the Gong {Loud rN+ Will+ rCorr
                  | EV-5}
  7609 | D:7      | Reached XP level 10. HP: 57/59 MP: 26/26
  7645 | D:7      | Reached skill level 11 in Spellcasting
  7874 | D:7      | Noticed Prince Ribbit
  7879 | D:7      | Killed Prince Ribbit
  7880 | D:7      | Reached skill level 10 in Conjurations
  8213 | D:7      | Noticed a +0 dagger
  8213 | D:7      | Noticed a +0 hand axe
  8267 | D:7      | Noticed Dowan
  8268 | D:7      | Noticed Duvessa
  8284 | D:7      | Killed Duvessa
  8292 | D:7      | Killed Dowan
  8349 | D:7      | Found a hide-covered altar of Uskayaw.
  8545 | D:8      | Reached skill level 12 in Spellcasting
  8562 | D:8      | Learned a level 3 spell: Inner Flame
  8756 | D:8      | Noticed a two-headed ogre
  8774 | D:8      | Mangled by a two-headed ogre

Illustrated notes

Levels and vault maps discovered:
D:1:      lemuel_arrival_tunnels, layout_rooms, serial_shops, shop
D:2:      layout_loops_corners, shapermc_ecumenical_altar_ellora,
          kennysheep_generic_room_13, uniq_terence, uniq_crazy_yiuf_cottage
D:3:      layout_rooms, lemuel_round_altar, cheibrodos_sewer_entry_sluice,
          uniq_robin, uniq_ijyb
D:4:      layout_loops_ring, uniq_sigmund, uniq_blork_the_orc
D:5:      layout_layer_cave, nicolae_ru_awakened_eye
D:6:      layout_loops_ring, lightli_temple_of_fire, temple_fountains,
          minmay_misc_feat_room
D:7:      layout_loops_ring, dancing_weapons_uskayaw, enter_bailey_4,
          hangedman_decor_riveting, uniq_duvessa, uniq_prince_ribbit1
D:8:      layout_layer_cave, serial_glass, glass_columns_c, glass_columns_a,
          due_unseen_surprise, minmay_strange_pillars, minmay_strange_pillars,
          item_on_display_a
Temple:   mainiacjoe_temple_bowtie_tessellation

Skill      XL: |  1  2  3  4  5  6  7  8  9 10 |
---------------+-------------------------------+-----
Spellcasting   | 4 5 6 7 8 10 12 | 12.0
Conjurations   | 5 6 7 8 9 10 | 10.7
Fighting       | 5 |  5.1
Dodging        | 5 |  5.8
Hexes          | 5 |  5.5
Ice Magic      | 4 |  4.7
Air Magic      | 4 |  4.1
Poison Magic   | 4 |  4.5
Stealth        | |  2.4

Action                     |  1- 3 |  4- 6 |  7- 9 | 10-12 || total
---------------------------+-------+-------+-------+-------++-------
  Melee: Dagger            |     8 |     7 |     6 |       ||    21
   Cast: Magic Dart        |    66 |   108 |    56 |    10 ||   240
         Searing Ray       |     7 |    13 |    72 |    19 ||   111
         Fulminant Prism   |       |     2 |    10 |     5 ||    17
         Ozocubu's Armour  |       |     1 |     1 |     1 ||     3
         Poisonous Vapours |       |       |     2 |     3 ||     5
 Invoke: Curse Item        |       |       |       |     1 ||     1
    Use: Potion            |       |     1 |       |       ||     1
         Scroll            |       |     1 |       |       ||     1
   Stab: Sleeping          |       |     1 |     1 |       ||     2
 Armour: Robe              |     4 |     6 |    13 |     4 ||    27
  Dodge: Dodged            |    18 |    22 |    82 |    36 ||   158
